 Dungeon Crawl Stone Soup version 0.29-a0-575-g0dc89cf053 (webtiles) character file.

Game seed: 12099778390295709231

123 DocClef the Covert (level 5, -3/47 HPs)
             Began as a Gnoll Delver on June 12, 2022.
             Slain by a scorpion (5 damage)
             ... on level 4 of the Dungeon.
             The game lasted 00:00:54 (513 turns).

DocClef the Covert (Gnoll Delver)                    Turns: 513, Time: 00:00:54

Health: -3/47      AC:  6    Str: 10 (11) XL:     5   Next: 7%
Magic:  7/7        EV: 13    Int:  7 (10) God:
Gold:   15         SH:  0    Dex: 14 (15) Spells: 6/6 levels left

rFire   . . .      SeeInvis .   a - +0 short sword
rCold   . . .      Faith    .   (no shield)
rNeg    . . .      Spirit   .   b - +0 leather armour
rPois   .          Reflect  .   (no helmet)
rElec   .          Harm     .   (no cloak)
rCorr   .          Rampage  .   j - +2 pair of gloves
Will    .....                   (no boots)
Stlth   ++++......              (no amulet)
HPRegen 0.15/turn               (no ring)
MPRegen 0.10/turn               (no ring)

@: attractive
A: fangs 1, strong nose, distributed training
a: no special abilities


You were on level 4 of the Dungeon.
You visited 1 branch of the dungeon, and saw 2 of its levels.

You collected 15 gold pieces.

Inventory:

Hand Weapons
 a - a +0 short sword (weapon)
Armour
 b - a +0 leather armour (worn)
 j - a +2 pair of gloves (worn)
Wands
 g - a wand of digging (3)
Scrolls
 c - a scroll of fog
 d - a scroll of magic mapping
 e - a scroll of fear
Potions
 f - a potion of haste
 i - a potion of degeneration


   Skills:
 + Level 6.6 Fighting
 + Level 4.7 Short Blades
 + Level 1.3 Long Blades
 + Level 1.3 Axes
 + Level 1.3 Maces & Flails
 + Level 1.3 Polearms
 + Level 1.3 Staves
 + Level 1.3 Slings
 + Level 1.3 Bows
 + Level 1.3 Crossbows
 + Level 1.3 Throwing
 + Level 1.3 Armour
 + Level 4.7 Dodging
 + Level 9.6 Stealth
 + Level 1.3 Shields
 + Level 1.3 Unarmed Combat
 + Level 1.3 Spellcasting
 + Level 1.1 Conjurations
 + Level 1.1 Hexes
 + Level 1.1 Summonings
 + Level 1.1 Necromancy
 + Level 1.1 Translocations
 + Level 1.1 Transmutations
 + Level 1.1 Fire Magic
 + Level 1.1 Ice Magic
 + Level 1.1 Air Magic
 + Level 1.1 Earth Magic
 + Level 1.1 Poison Magic
 + Level 1.5 Invocations
 + Level 1.3 Evocations


You had 6 spell levels left.
You didn't know any spells.
Your spell library contained the following spells:

 Spells                   Type           Power      Damage    Failure   Level
 Blade Hands              Tmut           1%         N/A       100%        5
 Irradiate                Conj/Tmut      1%         3d13      100%        5
 Dragon Form              Tmut           1%         N/A       100%        7


Dungeon Overview and Level Annotations

Branches:
Dungeon (5/15)
 Temple: D:4-7

Altars:
Nemelex Xobeh
Yredelemnul


Innate Abilities, Weirdness & Mutations

You have very sharp teeth.
Your uncanny sense of smell can sniff out nearby items.
Your experience applies equally to all skills.


Message History

You barely miss the scorpion.
The scorpion is severely wounded.
You feel sick. The scorpion barely misses you.
You closely miss the scorpion.
The scorpion is severely wounded.
You feel sick. The kobold hits you but does no damage.
The scorpion stings you but does no damage.
The hobgoblin hits you but does no damage.
You hit the scorpion.
The scorpion is severely wounded.
You feel sick. The scorpion stings you.
* * * LOW HITPOINT WARNING * * *
The kobold hits you with a +0 short sword.
* * * LOW HITPOINT WARNING * * *
The hobgoblin closely misses you.
It was a potion of attraction.
You feel attractive to monsters.
You feel sick.
You are no longer poisoned.
The scorpion misses you.
The kobold hits you with a +0 short sword.
* * * LOW HITPOINT WARNING * * *
The hobgoblin barely misses you.
It was a potion of degeneration.
There was something very wrong with that liquid.
You feel weakened.
You feel dopey.
You feel clumsy. The scorpion barely misses you.
The kobold hits you with a +0 short sword.
* * * LOW HITPOINT WARNING * * *
The hobgoblin misses you. The scorpion stings you.
* * * LOW HITPOINT WARNING * * *
Why would you want to do that?
There are monsters nearby!
Why would you want to do that?
You hit the scorpion but do no damage.
The scorpion is severely wounded.
The kobold hits you with a +0 short sword.
* * * LOW HITPOINT WARNING * * *
The hobgoblin closely misses you. The scorpion stings you.
You die...

#......#
##.##.
#......#######
#.##.
###..........#
#..#.
+..........#
##.#.
#..........#
#.#.
#..........#
#.#.
#...†......#
#[..
#...K......#
##..
#..@g......#
#.>
#...s:!....#
###
#...........
#########...
...


You could see a scorpion, a hobgoblin and a kobold.

Vanquished Creatures
  A scorpion (D:5)
  2 jellies (D:4)
  A dart slug (D:4)
  An endoplasm (D:4)
  A goblin (D:4)
  A hobgoblin (D:4)
  2 ball pythons (D:4)
  A kobold (D:4)
10 creatures vanquished.

Notes
Turn   | Place    | Note
-------+----------+-------------------------------------------
     0 | D:5      | Reached skill level 9 in Stealth
     0 | D:5      | DocClef the Gnoll Delver began the quest for the Orb.
     0 | D:5      | Reached XP level 1. HP: 23/23 MP: 1/1
     7 | D:5      | Found a sparkling altar of Nemelex Xobeh.
     9 | D:5      | Found a basalt altar of Yredelemnul.
    43 | D:5      | Noticed a scorpion
    46 | D:5      | Killed a scorpion
    47 | D:5      | Reached skill level 1 in Long Blades
    47 | D:5      | Reached skill level 1 in Axes
    47 | D:5      | Reached skill level 1 in Maces & Flails
    47 | D:5      | Reached skill level 1 in Polearms
    47 | D:5      | Reached skill level 1 in Staves
    47 | D:5      | Reached skill level 1 in Slings
    47 | D:5      | Reached skill level 1 in Bows
    47 | D:5      | Reached skill level 1 in Crossbows
    47 | D:5      | Reached skill level 1 in Throwing
    47 | D:5      | Reached skill level 1 in Armour
    47 | D:5      | Reached skill level 1 in Shields
    47 | D:5      | Reached skill level 1 in Unarmed Combat
    47 | D:5      | Reached skill level 1 in Spellcasting
    47 | D:5      | Reached skill level 1 in Invocations
    47 | D:5      | Reached skill level 1 in Evocations
    47 | D:5      | Reached XP level 2. HP: 29/29 MP: 1/3
    47 | D:5      | Reached XP level 3. HP: 35/35 MP: 1/4
   117 | D:5      | Noticed a water moccasin
   127 | D:4      | Reached XP level 4. HP: 20/41 MP: 5/5
   313 | D:4      | Reached skill level 1 in Conjurations
   313 | D:4      | Reached skill level 1 in Hexes
   313 | D:4      | Reached skill level 1 in Summonings
   313 | D:4      | Reached skill level 1 in Necromancy
   313 | D:4      | Reached skill level 1 in Translocations
   313 | D:4      | Reached skill level 1 in Transmutations
   313 | D:4      | Reached skill level 1 in Fire Magic
   313 | D:4      | Reached skill level 1 in Ice Magic
   313 | D:4      | Reached skill level 1 in Air Magic
   313 | D:4      | Reached skill level 1 in Earth Magic
   313 | D:4      | Reached skill level 1 in Poison Magic
   371 | D:4      | Reached XP level 5. HP: 47/47 MP: 6/6
   513 | D:4      | HP: 2/47 [kobold/+0 short sword (1)]
   513 | D:4      | Slain by a scorpion

Illustrated notes

Levels and vault maps discovered:
D:4:      layout_basic
D:5:      layout_loops_cross, mainiacjoe_overflow_catwalk_spiral

Skill      XL: |  1  2  3  4 |
---------------+-------------+-----
Stealth        | |  9.6
Long Blades    | 1 |  1.3
Axes           | 1 |  1.3
Maces & Flails | 1 |  1.3
Polearms       | 1 |  1.3
Staves         | 1 |  1.3
Slings         | 1 |  1.3
Bows           | 1 |  1.3
Crossbows      | 1 |  1.3
Throwing       | 1 |  1.3
Armour         | 1 |  1.3
Shields        | 1 |  1.3
Unarmed Combat | 1 |  1.3
Spellcasting   | 1 |  1.3
Invocations    | 1 |  1.5
Evocations     | 1 |  1.3
Conjurations   | 1 |  1.1
Hexes          | 1 |  1.1
Summonings     | 1 |  1.1
Necromancy     | 1 |  1.1
Translocations | 1 |  1.1
Transmutations | 1 |  1.1
Fire Magic     | 1 |  1.1
Ice Magic      | 1 |  1.1
Air Magic      | 1 |  1.1
Earth Magic    | 1 |  1.1
Poison Magic   | 1 |  1.1
Fighting       | |  6.6
Short Blades   | |  4.7
Dodging        | |  4.7

Action                   |  1- 3 |  4- 6 || total
-------------------------+-------+-------++-------
Melee: Short sword       |     6 |    43 ||    49
       Bite              |     1 |     2 ||     3
  Use: Potion            |       |     2 ||     2
 Stab: Sleeping          |     1 |     3 ||     4
Armor: Leather armour    |     2 |    20 ||    22
Dodge: Dodged            |     1 |    43 ||    44

Table legend: (Time is in decaauts)
 A = Elapsed time spent in this place.
 B = Non-inter-level travel time spent in this place.
 C = Inter-level travel time spent in this place.
 D = Time resting spent in this place.
 E = Time spent auto-exploring this place.
 F = Levels seen in this place.
 G = Mean time per level.
                   A        B        C        D        E       F      G
               +--------+--------+--------+--------+--------+-----+--------+
         Total |    506 |    506 |      0 |      0 |    380 |   2 |  253.0 |
       Dungeon |    506 |    506 |      0 |      0 |    380 |   2 |  253.0 |
               +--------+--------+--------+--------+--------+-----+--------+

Top non-repeatable levels by time:
     D:4: 387 daAuts
     D:5: 118 daAuts
